 Dungeon Crawl Stone Soup version 0.23-a0-629-gae4348f (webtiles) character file.

225 Leeroy the Slasher (level 6, -4/46 HPs)
             Began as a Barachi Skald on Dec 25, 2018.
             Shot with an arrow by a centaur (13 damage)
             ... on level 4 of the Dungeon.
             The game lasted 00:08:12 (3141 turns).

Leeroy the Slasher (Barachi Skald)                  Turns: 3141, Time: 00:08:12

Health: -4/46      AC: 12    Str: 12    XL:     6   Next: 1%
Magic:  6/9        EV: 12    Int: 15    God:
Gold:   143        SH:  0    Dex: 12    Spells: 2/9 levels left

rFire    . . .     SeeInvis .   k - +2 dagger (speed)
rCold    . . .     Gourm    .   (no shield)
rNeg     . . .     Faith    .   b - +0 leather armour
rPois    .         Spirit   .   (no helmet)
rElec    .         Reflect  .   i - +0 cloak (curse)
rCorr    .         Harm     .   (no gloves)
MR       .....                  (no boots)
Stlth    +.........             (no amulet)
HPRegen  0.15/turn              B - ring of Robustness {AC+8}
MPRegen  0.11/turn              (no ring)

@: slow
A: +LOS, swims, slowness 1, strong legs 1
a: Hop


You were on level 4 of the Dungeon.
You were not hungry.

You visited 1 branch of the dungeon, and saw 4 of its levels.

You collected 143 gold pieces.

Inventory:

Hand Weapons
 a - a +0 falchion
 g - a +0 dagger
 k - a +2 dagger of speed (weapon)
 q - a +0 falchion
 v - a +1 dagger of draining
 w - a +0 hunting sling
 y - a +0 spear
 C - a +0 whip
 D - a +2 short sword of venom
Missiles
 h - 65 stones (quivered)
 m - 2 tomahawks
 t - 30 bolts
Armour
 b - a +0 leather armour (worn)
 i - a cursed +0 cloak (worn)
 o - a +0 leather armour
Jewellery
 j - an uncursed amulet of faith
 B - the ring of Robustness (left hand) {AC+8}
   (You found it on level 4 of the Dungeon)

   [ring of protection]

   It affects your AC (+8).
Scrolls
 c - 2 scrolls of remove curse {unknown}
 f - 2 scrolls of fog {unknown}
 n - 3 scrolls of amnesia {unknown}
 r - a scroll of immolation {unknown}
 u - 2 scrolls of enchant weapon {unknown}
 x - a scroll of fear {unknown}
Potions
 l - 2 potions of agility {unknown}
 p - a potion of haste {unknown}
 s - 2 potions of heal wounds {unknown}
 z - a potion of resistance {unknown}
 A - a potion of curing {unknown}
Comestibles
 d - 4 rations


   Skills:
 - Level 2.4 Fighting
 * Level 5.5 Long Blades
 + Level 3.8 Armour
 - Level 2.1 Dodging
 - Level 2.2 Spellcasting
 * Level 2.1 Hexes
 - Level 3.2 Charms


You had 2 spell levels left.
You knew the following spells:

 Your Spells              Type           Power        Failure   Level  Hunger
a - Infusion              Chrm           ##..         7%          1    #......
b - Spectral Weapon       Hex/Chrm       #.......     26%         3    ###....
c - Regeneration          Chrm/Necr      #.........   38%         3    ###....

Your spell library contained the following spells:

 Spells                   Type           Power        Failure   Level  Hunger
 Song of Slaying          Chrm           ##......     11%         2    ###....
 Shroud of Golubria       Chrm/Tloc      #.........   22%         2    ###....


Dungeon Overview and Level Annotations

Branches:
Dungeon (4/15)
 Temple: D:4-7

Altars:
Trog

Annotations:
D:4 Pikel


Innate Abilities, Weirdness & Mutations

Shadows flee at your approach. (+LOS)
You can swim through water.
You cover ground slowly.
You can hop short distances.


Message History

The arrow hits you!
* * * LOW HITPOINT WARNING * * *
You see here 2 arrows.
The centaur shoots an arrow.
The arrow hits you.
* * * LOW HITPOINT WARNING * * *
You see here an arrow.
Unknown command.
The centaur shoots an arrow.
The arrow hits you but does no damage.
You see here an arrow.
Casting: Spectral Weapon (safe; 26% risk of failure)
Confirm with . or Enter, or press ? or * to list all spells.
Okay, then.
Casting: Spectral Weapon (safe; 26% risk of failure)
Confirm with . or Enter, or press ? or * to list all spells.
Okay, then.
The centaur shoots an arrow.
The arrow barely misses you.
The centaur shoots an arrow.
The arrow barely misses you.
You see here an arrow.
The centaur shoots an arrow.
The arrow hits you!
You die...

.# #.# #.# ## #.#
#.# .# ..# #.# .#
#.# #.# .# #.#
#.# .# ####.# #.#
.# ##..@.# #.# .#
#######.###(# #.#
.# .$...... #.#
#.# .###
#......###c####.#
...#
#...!..c(.......#
.#.#
#.############..#
.#.# #.# #..#
.#.# #.# #..#
.#.# #.# #..#


You could see a centaur.

Vanquished Creatures
  A bullfrog skeleton (D:4)
  2 worker ants (D:4)
  3 adders
  3 gnolls (D:3)
  A howler monkey skeleton (D:2)
  2 oozes
  A worm (D:2)
  3 dart slugs
  2 leopard geckos
  2 orcs (D:3)
  3 bats
  6 giant cockroaches
  7 goblins
  5 hobgoblins
  2 jackals (D:1)
  11 kobolds
  A quokka (D:3)
  6 frilled lizards
  A quokka skeleton (D:2)
  9 rats
71 creatures vanquished.

Vanquished Creatures (others)
  A spectral weapon (D:4)
1 creature vanquished.

Grand Total: 72 creatures vanquished

Notes
Turn   | Place    | Note
-------+----------+-------------------------------------------
     0 | D:1      | Leeroy the Barachi Skald began the quest for the Orb.
     0 | D:1      | Reached XP level 1. HP: 17/17 MP: 3/3
    65 | D:1      | Reached XP level 2. HP: 13/23 MP: 5/5
    89 | D:1      | Reached skill level 3 in Long Blades
   410 | D:1      | Reached XP level 3. HP: 23/28 MP: 6/6
   422 | D:1      | Learned a level 3 spell: Spectral Weapon
   697 | D:2      | Reached skill level 4 in Long Blades
   857 | D:2      | Reached skill level 1 in Hexes
   865 | D:2      | Reached XP level 4. HP: 29/34 MP: 7/7
  1646 | D:3      | Found a bloodstained altar of Trog.
  2282 | D:3      | Reached XP level 5. HP: 31/39 MP: 8/8
  2502 | D:4      | Reached skill level 5 in Long Blades
  2893 | D:4      | Noticed Pikel
  2893 | D:4      | Noticed a slave
  2894 | D:4      | Noticed a slave
  2902 | D:4      | Noticed a slave
  2902 | D:4      | Noticed a slave
  3007 | D:4      | Found the ring of Robustness {AC+8}
  3100 | D:4      | Noticed an ogre
  3128 | D:4      | Reached XP level 6. HP: 17/46 MP: 5/9
  3133 | D:4      | Learned a level 3 spell: Regeneration
  3134 | D:4      | Noticed an ice beast
  3141 | D:4      | Shot with an arrow by a centaur

Vault maps used:
D:1:      dpeg_arrival_fog
D:2:      nrook_campfire, grunt_ministairs_15
D:3:      lightli_temple_of_fire, first_ration
D:4:      uniq_pikel

Skill      XL: |  1  2  3  4  5 |
---------------+----------------+-----
Long Blades    | 3 4 5 |  5.5
Armour         | 2 3 |  3.8
Hexes          | 1 2 |  2.1
Fighting       | |  2.4
Dodging        | |  2.1
Spellcasting   | |  2.2
Charms         | |  3.2

Action                   |  1- 3 |  4- 6 || total
-------------------------+-------+-------++-------
Melee: Falchion          |    35 |       ||    35
       Dagger            |   106 |   184 ||   290
 Cast: Spectral Weapon   |       |     3 ||     3
 Abil: Hop               |       |     1 ||     1
  Use: Scroll            |     2 |     2 ||     4
  Eat: Chunk             |       |     6 ||     6
       Ration            |       |     1 ||     1
Armor: Leather armour    |    38 |    27 ||    65
Dodge: Dodged            |    65 |    61 ||   126
       Rpst.: Falchion   |    11 |       ||    11

Table legend:
 A = Non-vault XP
 B = Vault XP
 C = Vault XP percentage of total XP
 D = Non-vault monster count
 E = Vault monster count
 F = Vault count percentage of total count
                 A         B        C        D         E       F
            +---------+---------+-------+---------+---------+-------
      Total |     320 |       2 |   0.6 |      69 |       2 |   2.8
            +---------+---------+-------+---------+---------+-------
        D:1 |      39 |       0 |   0.0 |      24 |       0 |   0.0
        D:2 |      68 |       2 |   2.9 |      25 |       2 |   7.4
        D:3 |      84 |       0 |   0.0 |      15 |       0 |   0.0
        D:4 |     129 |       0 |   0.0 |       5 |       0 |   0.0
            +---------+---------+-------+---------+---------+-------
